 Dungeon Crawl Stone Soup version 0.22.1-1-ga44c0e5 (webtiles) character file.

7 Monsterracer the Insei (level 1, 0/15 HPs)
             Began as a Demigod Transmuter on Sept 30, 2018.
             Slain by a hobgoblin
             ... wielding a +0 club
              (6 damage)
             ... on level 1 of the Dungeon.
             The game lasted 00:00:28 (285 turns).

Monsterracer the Insei (Demigod Transmuter)          Turns: 285, Time: 00:00:29

Health: 0/15       AC:  2    Str: 13    XL:     1   Next: 66%
Magic:  4/5        EV: 12    Int: 17    God:
Gold:   11         SH:  0    Dex: 16    Spells: 2/3 levels left

rFire    . . .     SeeInvis .     - Unarmed
rCold    . . .     Gourm    .   (no shield)
rNeg     . . .     Faith    .   b - +0 robe
rPois    .         Spirit   .   (no helmet)
rElec    .         Reflect  .   (no cloak)
rCorr    .         Harm     .   (no gloves)
MR       .....                  (boots currently unavailable)
Stlth    +.........             (no amulet)
HPRegen  0.05/turn              (no ring)
MPRegen  0.09/turn              (no ring)

@: appendage
A: talons 3, high mp 1
a: End Transformation


You were on level 1 of the Dungeon.
You were not hungry.
You had grown temporary talons.
You visited 1 branch of the dungeon, and saw 1 of its levels.

You collected 11 gold pieces.

Inventory:

Missiles
 a - 12 arrows
Armour
 b - a +0 robe (worn)
Comestibles
 c - a ration


   Skills:
 - Level 0.8 Fighting
 - Level 1.7 Dodging
 + Level 2.9 Unarmed Combat
 - Level 1.7 Spellcasting
 + Level 2.1 Transmutations


You had 2 spell levels left.
You knew the following spells:

 Your Spells              Type           Power        Failure   Level  Hunger
j - Beastly Appendage     Tmut           #.....       9%          1    #......

Your spell library contained the following spells:

 Spells                   Type           Power        Failure   Level  Hunger
 Sticks to Snakes         Tmut           #.......     13%         2    ###....
 Spider Form              Tmut/Pois      #.........   36%         3    ###....
 Ice Form                 Ice/Tmut       #.......     77%         4    #####..
 Blade Hands              Tmut           #.........   93%         5    ######.


Dungeon Overview and Level Annotations

Branches:
Dungeon (1/15)


Innate Abilities, Weirdness & Mutations

You have an increased reservoir of magic. (+10% MP)
You have claws for feet.


Message History

You take 2 damage, and have 7/15 hp.
The goblin hits you but does no damage.
You completely miss the goblin. You punch the goblin, but do no damage.
The goblin is heavily wounded.
The goblin misses you.
You hit the goblin.
You kill the goblin!
Your transformation is almost over.
You hit the rat.
You kill the rat!
You hit the kobold.
You kill the kobold!
Items here: ) ††† a dagger; a kobold corpse; a rat corpse; a goblin corpse; MP restored: 5 Unknown command.
Your horns disappear.
Key pressed, stopping explore.
HP restored.
A rat comes into view.
Health restored: 15 A rat is nearby!
A rat is nearby!
Casting: Beastly Appendage (safe; 9% risk of failure)
Confirm with . or Enter, or press ? or * to list all spells.
You grow a pair of large bovine horns.
You now have 4/5 mp.
Your transformation is almost over.
You hit the rat but do no damage. The rat closely misses you.
You hit the rat but do no damage. You headbutt the rat.
You kill the rat!
Magic restored.
Your horns disappear.
You now have 11 gold pieces.
A leopard gecko comes into view.
MP restored: 5 Unknown command.
A kobold comes into view. It is wielding a dagger.
The leopard gecko hisses angrily.
Casting: Beastly Appendage (safe; 9% risk of failure)
Confirm with . or Enter, or press ? or * to list all spells.
Your feet morph into talons.
The kobold shouts!
You now have 4/5 mp.
Your transformation is almost over.
The leopard gecko barely misses you.
You barely miss the leopard gecko. The leopard gecko barely misses you.
You miss the leopard gecko. The leopard gecko closely misses you.
You hit the leopard gecko. Your kick misses the leopard gecko.
The leopard gecko is severely wounded.
The leopard gecko bites you. The kobold hits you but does no damage.
The leopard gecko closely misses you.
You take 4 damage, and have 11/15 hp.
MASSIVE DAMAGE!!
You hit the kobold. Your kick misses the kobold.
The kobold is moderately wounded.
The kobold barely misses you.
You closely miss the kobold.
The kobold is moderately wounded.
Your talons disappear.
The kobold hits you with a dagger.
You take 2 damage, and have 9/15 hp.
MP restored: 5 You hit the kobold.
You kill the kobold!
Your Transmutations skill increases to level 2!
Casting: Beastly Appendage (safe; 9% risk of failure)
Confirm with . or Enter, or press ? or * to list all spells.
You grow a pair of large bovine horns.
The leopard gecko bites you.
* * * LOW HITPOINT WARNING * * *
You take 5 damage, and have 4/15 hp.
MASSIVE DAMAGE!!
You now have 4/5 mp.
You closely miss the leopard gecko. Your headbutt misses the leopard gecko.
The leopard gecko is severely wounded.
The leopard gecko bites you.
* * * LOW HITPOINT WARNING * * *
You take 1 damage, and have 3/15 hp.
You closely miss the leopard gecko.
The leopard gecko is severely wounded.
The leopard gecko bites you.
* * * LOW HITPOINT WARNING * * *
The leopard gecko bites you but does no damage.
You take 1 damage, and have 2/15 hp.
You hit the leopard gecko.
You kill the leopard gecko!
Things that are here:
a dagger; a leopard gecko corpse; a kobold corpse
Okay, then.
Your transformation is almost over.
Your horns disappear.
A hobgoblin comes into view. It is wielding a club.
You regained 4 hp, and now have 6/15 hp.
MP restored: 5 A hobgoblin is nearby!
Casting: Beastly Appendage (safe; 9% risk of failure)
Confirm with . or Enter, or press ? or * to list all spells.
Your feet morph into talons.
The hobgoblin shouts!
You now have 4/5 mp.
You hit the hobgoblin.
The hobgoblin is almost dead.
The hobgoblin hits you with a club.
You die...

#.. #.# ## #.# ...
#.# #..#
#.#####.###..##
#..............
#.###.## #)##...####.
#@..........#
###g.#...####.#
.........##........
..Kl...........#### #
.......#........###.#
...#...#...#......#.#
#...#..#..#)..#.....#
.#..#..#..#..#....##
..#..#.#.#.)#.....#


You could see a hobgoblin.

Vanquished Creatures
  A leopard gecko (D:1)
  A goblin (D:1)
  2 kobolds (D:1)
  2 rats (D:1)
6 creatures vanquished.

Notes
Turn   | Place    | Note
-------+----------+-------------------------------------------
     0 | D:1      | Monsterracer the Demigod Transmuter began the quest for the
                  | Orb.
     0 | D:1      | Reached XP level 1. HP: 15/15 MP: 5/5
    12 | D:1      | HP: 7/15 [kobold/dagger (2)]
   199 | D:1      | HP: 4/15 [leopard gecko (5)]
   285 | D:1      | Slain by a hobgoblin

Skill      XL: |  1 |
---------------+----+-----
Transmutations | 2 |  2.1
Fighting       | |  0.8
Dodging        | |  1.7
Unarmed Combat | |  2.9
Spellcasting   | |  1.7

Action                   || total
-------------------------++-------
Melee: Unarmed           ||    22
       Headbutt          ||     1
       Punch             ||     1
 Cast: Beastly Appendage ||     5
Armor: Robe              ||     2
Dodge: Dodged            ||    12

Vault maps used:
D:1:      minmay_arrival_radiant_lines, okawaru_ov_weapons_minmay
